Map: Buried Caverns

Players

MattBarry

  • Race: Terran Terran
  • League: Gold
  • Spawn Location: 3:00

Alebay

  • Race: Protoss Protoss
  • Spawn Location: 5:00

MattBarry

  • Race: Zerg Zerg
  • League: Gold
  • Spawn Location: 3:00

Leo - Winner!

  • Race: Protoss Protoss
  • Spawn Location: 9:00

DUB - Winner!

  • Race: Terran Terran
  • League: Gold
  • Spawn Location: 7:00

Murder - Winner!

  • Race: Terran Terran
  • Spawn Location: 9:00

VOD

Have the link to the VOD?

Description

Time

  • Played on: Jan. 22, 2023, 3:15 a.m.
  • Length: 19:59
Show
View Real Time Build Order
Export as new Build Order

MattBarry Terran 

Build Orders: 2 Factory, Mech 

Get SALT Encoding   

  12  0:00  SCV  
  13  0:12  SCV  
  14  0:18  Supply Depot  
  14  0:24  SCV  
  15  0:30  Refinery  
  15  0:39  SCV  
  16  0:46  Barracks  
  16  0:51  SCV  
  17  1:04  SCV  
  18  1:16  SCV  
  19  1:33  Orbital Command, Reaper  
  19  1:37  Supply Depot  
  20  2:00  SCV  
  21  2:02  Command Center  
  21  2:12  SCV  
  21  2:15  Factory, Barracks Reactor  
  22  2:24  SCV  
  22  2:42  SCV  
  23  2:46  Refinery  
  23  3:01  Barracks Tech Lab  
  23  3:02  Factory  
  23  3:05  Hellion x2  
  27  3:06  SCV  
  27  3:10  Supply Depot  
  28  3:15  Orbital Command  
  28  3:18  SCV  
  29  3:29  Hellion x2  
  29  3:30  SCV  
  34  3:39  Starport  
  34  3:40  SCV  
  35  3:44  SCV  
  35  3:47  Barracks Reactor  
  36  3:52  SCV  
  37  3:56  SCV  
  37  3:58  Siege Tank  
  37  4:01  Widow Mine  
  43  4:05  Widow Mine, SCV  
  43  4:08  SCV  
  47  4:13  Supply Depot  
  48  4:17  SCV  
  48  4:18  Supply Depot  
  48  4:24  Widow Mine  
  50  4:36  SCV x2  
  49  5:03  Hellion x2  
  48  5:18  SCV x2  
  50  5:30  SCV x2  
  52  5:42  SCV x2  
  54  5:54  SCV x2  
  54  6:03  Liberator x2  
  54  6:06  Factory x2  
  54  6:10  Hellion  
  54  6:11  Siege Tank, Hellion  
  61  6:16  SCV x2  
  63  6:18  Refinery  
  63  6:20  Refinery  
  63  6:23  Supply Depot  
  63  6:25  Supply Depot  
  63  6:28  Supply Depot, SCV  
  63  6:46  Orbital Command  
  63  7:06  Viking  
  63  7:07  Viking  
  55  7:34  Hellion x2  
  48  7:57  SCV x2  
  50  8:05  Factory Tech Lab x2  
  50  8:09  SCV x2  
  52  8:13  Armory  
  52  8:21  SCV x2  
  52  8:24  Command Center  
  54  8:33  SCV x2  
  56  8:41  Hellion x2  
  60  8:45  SCV  
  61  8:58  Liberator x2  
  61  9:00  SCV x2  
  69  9:12  SCV x2  
  71  9:35  SCV x2  
  73  9:47  SCV x2  
  75  9:57  Thor x3  
  93  10:03  Terran Vehicle Weapons Level 1  
  93  10:04  SCV x2, Hellion x2  
  99  10:08  Armory  
  99  10:14  Orbital Command  
  99  10:26  Infernal Pre-Igniter  
  99  10:39  SCV x3  
  102  10:51  SCV x2  
  104  11:00  Hellion x2  
  108  11:06  Supply Depot  
  108  11:07  Supply Depot  
  108  11:08  Supply Depot  
  108  11:09  Supply Depot  
  108  11:10  Thor x2  
  108  11:11  Hellion  
  122  11:12  Refinery  
  122  11:13  Refinery  
  122  11:15  SCV x3  
  122  11:18  Command Center  
  125  11:28  Viking x2, SCV x3  
  132  11:43  Siege Tank  
  132  11:44  Hellion x2  
  139  11:55  Supply Depot  
  139  11:57  Supply Depot  
  139  12:20  Siege Tank x2  
  65  13:02  Armory  
  65  13:03  Armory  
  47  13:20  Orbital Command  
  37  13:32  Starport  
  29  13:34  Starport  
  29  13:38  Siege Tank  
  29  13:39  Hellion x2  
  37  13:46  Viking x2  
  38  13:58  SCV x3  
  41  14:10  Starport Reactor x2, SCV x2  
  41  14:11  SCV  
  44  14:20  Viking x2  
  44  14:22  SCV x2  
  44  14:23  SCV  
  51  14:33  Refinery  
  51  14:34  SCV x2  
  51  14:35  SCV, Refinery  
  54  14:40  Terran Ship Weapons Level 1  
  54  14:46  SCV x2  
  54  14:47  SCV  
  54  14:52  Viking x2  
  61  14:54  Viking x4  
  69  15:10  Barracks  
  69  15:12  SCV x3  
  69  15:13  Refinery  
  72  15:24  Viking x6, SCV x3  
  72  15:26  Terran Vehicle And Ship Armor Level 1  
  87  15:36  SCV x2  
  87  15:37  SCV  
  90  15:47  Siege Tank  
  90  15:48  SCV x2  
  90  15:49  SCV  
  96  15:54  Viking x4  
  104  16:00  SCV  
  104  16:01  Viking x2, SCV x2  
  95  16:37  Viking x5  
  95  16:38  Viking  
  107  16:41  Terran Ship Weapons Level 2  
  107  16:44  SCV x3  
  110  16:56  SCV x3  
  105  17:49  SCV x2  
  105  17:50  SCV  
  108  18:01  SCV x2  
  108  18:02  Viking x6, SCV  
  123  18:13  SCV  
  124  18:23  Siege Tank  
  127  18:32  Viking x6  
  142  18:55  Siege Tank  
  142  19:02  Viking x6  
Show
View Real Time Build Order
Export as new Build Order

Alebay Protoss 

Build Orders: 1 Gate Expand 

Get SALT Encoding   

  12  0:00  Probe  
  13  0:12  Probe  
  14  0:21  Pylon  
  14  0:24  Probe  
  15  0:39  Probe  
  15  0:42  Gateway  
  16  0:52  Probe  
  16  0:56  Assimilator  
  18  1:04  Probe  
  18  1:16  Probe  
  19  1:29  Probe  
  19  1:30  Nexus  
  20  1:38  Cybernetics Core  
  20  1:41  Probe  
  21  1:47  Assimilator  
  21  1:53  Probe  
  22  2:03  Warp Gate (Chrono Boost)  
  22  2:07  Probe  
  23  2:18  Pylon  
  23  2:33  Pylon  
  23  2:36  Stalker (Chrono Boost), Probe  
  26  2:44  Probe  
  26  2:51  Probe  
  28  2:59  Probe  
  29  3:14  Probe x2  
  29  3:18  Stalker  
  33  3:25  Pylon  
  33  3:26  Assimilator  
  33  3:30  Robotics Facility  
  33  3:32  Twilight Council  
  33  3:38  Probe  
  33  3:39  Probe  
  35  3:45  Gateway  
  35  3:58  Pylon  
  35  4:00  Nexus  
  35  4:06  Forge  
  35  4:08  Probe x2  
  37  4:12  Stalker  
  39  4:20  Probe x2  
  41  4:34  Probe x2  
  41  4:36  Stalker  
  45  4:39  Immortal  
  45  4:45  Pylon  
  49  4:50  Stalker  
  51  5:09  Probe x2  
  51  5:11  Protoss Ground Weapons Level 1 (Chrono Boost)  
  51  5:13  Probe  
  54  5:21  Probe x2  
  54  5:23  Immortal  
  54  5:25  Stalker x2  
  64  5:31  Photon Cannon  
  64  5:32  Photon Cannon  
  64  5:35  Pylon  
  64  5:39  Probe x2  
  64  5:40  Probe  
  67  5:51  Stalker x2, Probe x2  
  67  5:52  Probe  
  74  5:59  Blink (Chrono Boost)  
  74  6:05  Probe x3  
  74  6:08  Assimilator  
  77  6:14  Immortal  
  77  6:18  Probe x3  
  84  6:25  Pylon  
  84  6:30  Photon Cannon  
  84  6:32  Photon Cannon  
  84  6:34  Stalker x2  
  88  6:46  Probe x3  
  91  6:53  Gateway  
  91  6:55  Gateway  
  91  7:01  Photon Cannon x2  
  91  7:04  Photon Cannon  
  91  7:06  Assimilator  
  91  7:10  Probe x3, Protoss Ground Armor Level 1 (Chrono Boost), Assimilator  
  94  7:22  Probe  
  95  7:35  Pylon  
  95  7:37  Pylon  
  95  7:40  Pylon  
  95  7:42  Pylon  
  95  7:55  Stalker x2  
  95  7:56  Stalker x2  
  103  8:15  Gateway  
  103  8:16  Gateway, Probe  
  103  8:17  Probe x2  
  106  8:23  Stalker x4  
  106  8:24  Immortal  
  118  8:29  Pylon  
  118  8:34  Robotics Facility  
  118  8:46  Probe x3  
  121  8:54  Stalker x4  
  129  9:03  Immortal  
  129  9:07  Protoss Ground Weapons Level 2 (Chrono Boost)  
  129  9:09  Robotics Facility  
  133  9:10  Robotics Facility  
  133  9:27  Stalker x3  
  133  9:28  Stalker x3  
  145  9:35  Pylon  
  145  9:36  Pylon  
  145  9:39  Pylon  
  145  9:42  Immortal  
  149  9:53  Immortal  
  153  10:05  Stalker x6  
  161  10:28  Pylon  
  161  10:31  Pylon  
  161  10:33  Pylon  
  159  10:36  Pylon  
  159  10:47  Pylon  
  159  10:51  Pylon  
  159  11:07  Stalker x4  
  159  11:08  Stalker x2  
  159  11:11  Immortal x2, Nexus  
  179  11:25  Pylon  
  179  11:27  Pylon  
  179  11:29  Pylon  
  179  11:33  Pylon  
  179  11:35  Pylon  
  179  11:48  Protoss Ground Armor Level 2 (Chrono Boost)  
  179  11:50  Stalker x6  
  191  11:57  Immortal x2  
  93  13:11  Stalker x2  
  93  13:12  Stalker x4  
  95  13:35  Stalker x5  
  95  13:36  Stalker  
  103  13:59  Stalker x6  
  115  14:15  Immortal x2  
  123  14:22  Gateway  
  123  14:24  Gateway  
  123  14:26  Gateway, Stalker  
  123  14:27  Gateway, Stalker x5  
  135  14:51  Stalker  
  135  14:52  Stalker x5  
  147  14:55  Immortal x2  
  135  15:12  Probe x2  
  135  15:13  Probe x2  
  139  15:24  Probe  
  139  15:25  Probe x3  
  139  15:26  Stalker x6  
  139  15:27  Stalker x2  
  159  15:29  Nexus  
  159  15:49  Assimilator  
  85  16:39  Stalker x3  
  83  16:40  Stalker x5  
  79  16:57  Stalker x2  
  83  17:32  Stalker x5  
  83  17:33  Stalker x3  
  99  17:41  Assimilator  
  99  17:45  Assimilator  
  99  17:57  Pylon  
  99  17:59  Stalker x3  
  99  18:00  Pylon, Stalker x6  
  83  19:02  Stalker x5  
  85  19:03  Stalker x3  
  78  19:27  Stalker x2  
  78  19:28  Stalker x4  
  78  19:29  Stalker x4  
  94  19:51  Stalker x2  
  94  19:52  Stalker x6  
  98  19:53  Stalker  
Show
View Real Time Build Order
Export as new Build Order

MattBarry Zerg 

Build Orders: Pool First 

Get SALT Encoding   

  12  0:00  Drone  
  13  0:09  Drone  
  14  0:22  Drone, Extractor  
  14  0:25  Overlord  
  15  0:45  Spawning Pool, Drone  
  15  0:46  Drone  
  16  0:51  Drone  
  17  1:14  Hatchery  
  16  1:20  Drone  
  16  1:21  Drone  
  16  1:24  Extractor  
  17  1:26  Drone  
  18  1:33  Zergling x2  
  18  1:38  Queen  
  21  1:42  Drone  
  22  2:05  Overlord  
  22  2:11  Extractor  
  22  2:12  Drone  
  23  2:27  Queen  
  25  2:30  Overlord  
  25  2:46  Roach Warren, Queen  
  26  2:52  Zergling x4  
  28  3:03  Queen  
  30  3:07  Zergling x2  
  30  3:08  Zergling x4  
  33  3:28  Drone x3  
  35  3:49  Lair  
  35  3:54  Spore Crawler x2  
  33  3:56  Spore Crawler  
  33  3:58  Spore Crawler, Queen  
  33  4:01  Drone  
  33  4:02  Drone  
  35  4:04  Drone  
  35  4:07  Drone  
  37  4:21  Drone x3  
  40  4:25  Overlord  
  40  4:31  Metabolic Boost  
  37  5:00  Roach x5  
  45  5:16  Drone x2, Overlord  
  45  5:19  Glial Reconstitution  
  47  5:23  Evolution Chamber  
  47  5:24  Evolution Chamber  
  45  5:31  Pneumatized Carapace  
  45  5:45  Extractor  
  45  5:48  Extractor  
  43  5:51  Drone x3  
  43  5:52  Overlord  
  46  5:59  Nydus Network  
  45  6:04  Drone x2  
  45  6:06  Zergling x14  
  54  6:21  Zergling x4  
  54  6:22  Zergling x2  
  57  6:27  Overlord  
  57  6:39  Overseer  
  57  6:42  Roach  
  57  6:44  Zergling x2  
  57  6:45  Overlord x2  
  60  7:02  Zergling x6  
  63  7:09  Zerg Melee Weapons Level 1  
  63  7:32  Nydus Canal  
  63  7:45  Drone x12  
  49  8:44  Spire  
  48  8:50  Extractor  
  47  9:10  Drone  
  47  9:13  Drone  
  49  9:18  Hatchery  
  49  9:24  Hatchery  
  47  9:33  Hydralisk Den  
  46  9:43  Hydralisk Den  
  45  9:56  Corruptor x4  
  45  9:58  Corruptor  
  55  10:00  Zergling x38  
  74  10:13  Corruptor  
  76  10:15  Hatchery  
  75  10:30  Corruptor x2  
  79  10:43  Queen  
  79  10:45  Queen  
  83  10:57  Drone x4  
  83  10:58  Overlord  
  87  11:05  Drone x2  
  87  11:07  Drone  
  90  11:12  Extractor  
  90  11:15  Extractor  
  88  11:19  Corruptor, Queen  
  92  11:51  Infestation Pit  
  92  11:52  Grooved Spines  
  92  11:53  Corruptor x3, Muscular Augments  
  97  12:09  Zerg Flyer Armor Level 1  
  97  12:12  Zerg Missile Weapons Level 1  
  97  12:13  Zerg Ground Armor Level 1  
  78  12:57  Corruptor x6, Infestor  
  74  13:07  Corruptor  
  74  13:09  Zergling x4  
  72  13:17  Roach  
  72  13:18  Roach  
  76  13:24  Queen  
  72  13:29  Drone x3  
  72  13:31  Drone  
  69  13:38  Corruptor  
  66  13:57  Hydralisk  
  66  13:58  Hydralisk x2  
  66  13:59  Hydralisk  
  74  14:05  Overlord  
  74  14:07  Drone  
  74  14:09  Drone x5  
  81  14:10  Drone x4  
  81  14:11  Drone x2  
  86  14:22  Zergling x2  
  86  14:23  Zergling x16  
  95  14:37  Queen  
  97  14:47  Hydralisk  
  97  14:48  Hydralisk x4  
  107  15:00  Drone x4  
  107  15:01  Drone x2  
  107  15:02  Overlord x2  
  107  15:03  Overlord  
  112  15:27  Roach x10  
  131  15:35  Zerg Missile Weapons Level 2  
  131  15:41  Overlord  
  131  15:42  Drone x3  
  134  15:43  Drone  
  135  16:01  Ravager x5  
  135  16:03  Roach x4  
  135  16:04  Roach  
  146  16:22  Hydralisk x8  
  140  16:32  Hydralisk x2  
  129  16:33  Hydralisk  
  130  16:58  Overseer  
  130  17:15  Hydralisk x6  
  130  17:19  Zergling x2  
  130  17:20  Zergling x12  
  149  17:23  Overlord  
  149  17:24  Overlord  
  149  17:53  Spire  
  149  17:56  Zerg Flyer Weapons Level 1  
  148  18:00  Hydralisk x4  
  148  18:03  Roach, Overlord  
  158  18:24  Roach x2  
  158  18:25  Roach x5  
  172  18:27  Overlord x2  
  138  18:52  Hydralisk  
  138  18:55  Hydralisk x8  
  97  19:11  Roach x2  
  97  19:12  Roach x3  
  97  19:14  Ravager  
  108  19:23  Extractor  
  108  19:24  Extractor  
  89  19:33  Roach x7  
Show
View Real Time Build Order
Export as new Build Order

Leo Protoss - Winner!

Build Orders: Nexus First, Carriers 

Get SALT Encoding   

  12  0:01  Probe  
  13  0:13  Probe  
  14  0:25  Probe  
  15  0:30  Pylon  
  15  0:48  Probe  
  16  1:00  Probe (Chrono Boost)  
  17  1:04  Nexus  
  17  1:12  Probe (Chrono Boost)  
  18  1:21  Assimilator, Probe (Chrono Boost)  
  19  1:27  Probe  
  19  1:32  Gateway  
  20  1:39  Probe  
  21  1:48  Assimilator  
  21  1:51  Probe  
  22  2:03  Probe  
  23  2:16  Probe, Nexus  
  23  2:19  Probe  
  25  2:28  Probe  
  26  2:31  Probe  
  27  2:37  Zealot  
  29  2:46  Probe x2  
  31  2:58  Probe x2  
  33  3:01  Cybernetics Core  
  33  3:04  Zealot  
  35  3:10  Probe  
  36  3:26  Probe  
  37  3:30  Assimilator  
  37  3:35  Assimilator x2  
  37  3:38  Probe  
  37  3:39  Probe  
  37  3:40  Assimilator  
  37  3:41  Probe  
  40  3:50  Probe  
  40  3:52  Probe  
  40  3:53  Probe  
  43  3:56  Stargate  
  43  4:02  Probe  
  43  4:03  Robotics Facility  
  43  4:04  Probe  
  43  4:05  Probe  
  43  4:06  Stalker  
  48  4:15  Probe  
  48  4:16  Probe  
  50  4:17  Probe  
  51  4:27  Probe  
  51  4:28  Probe  
  53  4:36  Pylon  
  53  4:39  Pylon  
  53  4:41  Pylon  
  53  4:43  Pylon  
  53  4:54  Probe x3  
  53  4:57  Fleet Beacon  
  56  5:01  Robotics Bay  
  56  5:05  Protoss Air Weapons Level 1  
  56  5:06  Probe x3  
  59  5:14  Cybernetics Core  
  59  5:19  Probe x3  
  62  5:24  Forge  
  62  5:29  Stargate x2  
  62  5:31  Probe x2  
  62  5:32  Stargate  
  53  6:00  Void Ray  
  52  6:08  Probe x3  
  55  6:20  Probe x2  
  55  6:21  Probe  
  58  6:27  Carrier  
  58  6:28  Carrier  
  58  6:32  Probe x2  
  71  6:33  Probe  
  73  6:44  Probe  
  73  6:45  Protoss Air Armor Level 1 (Chrono Boost), Probe x2  
  76  6:50  Tempest  
  81  6:57  Probe x3  
  84  7:07  Pylon  
  84  7:08  Pylon  
  84  7:09  Probe  
  84  7:15  Pylon, Tempest  
  85  7:20  Pylon  
  85  7:24  Pylon  
  85  7:25  Probe x3  
  85  7:26  Pylon  
  93  7:31  Colossus  
  93  7:36  Protoss Air Weapons Level 2 (Chrono Boost)  
  99  7:37  Protoss Ground Weapons Level 1, Probe x3  
  94  8:21  Probe  
  94  8:22  Probe x2  
  97  8:33  Probe  
  97  8:34  Extended Thermal Lance, Probe x2  
  100  8:39  Carrier, Tempest  
  100  8:41  Carrier  
  117  8:46  Probe x3  
  120  8:58  Probe x3  
  120  9:02  Unknown  
  123  9:05  Carrier  
  120  9:51  Protoss Air Armor Level 2  
  120  10:10  Protoss Air Weapons Level 3  
  114  10:34  Carrier  
  114  10:35  Carrier, Tempest x2  
  125  11:00  Pylon  
  125  11:01  Pylon  
  125  11:02  Pylon  
  125  11:03  Pylon  
  125  11:08  Pylon  
  125  11:09  Pylon x2  
  125  11:10  Pylon  
  125  11:13  Pylon x2  
  125  11:15  Pylon  
  125  11:17  Pylon  
  125  11:18  Pylon x2, Tempest  
  130  11:24  Observer  
  131  11:27  Carrier  
  137  11:38  Tempest x2  
  147  11:46  Colossus  
  153  12:00  Tempest  
  158  12:21  Carrier  
  164  12:40  Protoss Air Armor Level 3  
  129  13:25  Carrier, Tempest x2  
  129  13:26  Carrier  
  135  14:08  Tempest x2  
  145  14:28  Nexus  
  145  14:29  Carrier  
  151  14:35  Nexus  
  151  14:37  Carrier  
  157  14:51  Carrier, Tempest  
  168  15:33  Tempest  
  168  15:34  Carrier  
  179  15:42  Mothership, Carrier  
  169  16:41  Carrier, Tempest  
  169  16:42  Carrier  
  186  16:48  Assimilator  
  186  16:52  Assimilator  
  186  16:59  Assimilator  
  186  17:05  Assimilator, Tempest  
  191  17:24  Carrier  
Show
View Real Time Build Order
Export as new Build Order

DUB Terran - Winner!

Build Orders: 2 Factory 

Get SALT Encoding   

  12  0:01  SCV  
  13  0:15  Supply Depot  
  13  0:18  SCV  
  14  0:30  SCV  
  15  0:37  Barracks  
  15  0:43  SCV  
  16  0:53  Supply Depot  
  16  0:55  SCV  
  17  1:02  Refinery  
  17  1:07  SCV  
  18  1:19  SCV  
  19  1:27  Marine  
  20  1:42  Command Center  
  20  1:50  Marine  
  21  2:04  Orbital Command  
  21  2:11  Refinery  
  21  2:15  Factory  
  21  2:24  Engineering Bay  
  21  2:46  Marine  
  22  2:59  SCV  
  22  3:00  Factory  
  22  3:01  Widow Mine  
  22  3:04  Marine  
  25  3:24  Marine  
  28  3:27  Widow Mine  
  29  3:34  Starport, SCV  
  29  3:36  SCV  
  30  3:46  SCV  
  30  3:48  SCV  
  32  3:52  Factory Tech Lab x2  
  32  3:58  SCV  
  33  4:07  Missile Turret  
  33  4:09  Orbital Command  
  33  4:10  SCV  
  33  4:15  Missile Turret  
  34  4:25  Armory  
  34  4:28  Supply Depot, SCV  
  35  4:35  SCV  
  35  4:37  Missile Turret  
  36  4:40  SCV  
  36  4:42  Refinery  
  37  4:47  SCV  
  38  4:54  Barracks  
  38  4:55  Barracks  
  38  4:59  SCV  
  39  5:00  Marine  
  40  5:08  Liberator  
  40  5:11  Supply Depot, SCV  
  44  5:18  Marine, Terran Vehicle And Ship Armor Level 1  
  45  5:25  Thor  
  49  5:36  Marine  
  46  6:16  SCV x2  
  48  6:28  SCV x2  
  50  6:35  Command Center  
  50  6:36  Missile Turret  
  50  6:38  Marine x3  
  53  6:40  SCV x2  
  53  6:45  Missile Turret  
  55  6:49  Supply Depot  
  55  6:50  Supply Depot  
  55  6:52  SCV  
  56  6:54  SCV  
  56  7:00  Missile Turret  
  57  7:06  SCV  
  58  7:09  Medivac  
  58  7:13  Barracks Reactor  
  58  7:14  Barracks Tech Lab  
  60  7:18  SCV  
  61  7:30  Barracks Reactor  
  61  7:31  Terran Vehicle And Ship Armor Level 2  
  61  7:33  Thor  
  67  7:39  Medivac  
  67  7:41  Refinery  
  69  7:46  Refinery  
  69  7:58  Thor, Sensor Tower  
  75  8:14  Medivac  
  75  8:18  Marine x2  
  75  8:19  Marine x3  
  82  8:22  Combat Shield  
  82  8:36  Marine x3  
  82  8:37  Marine x2  
  87  8:42  Supply Depot  
  87  8:43  Thor  
  87  8:45  Supply Depot  
  93  9:03  Marine x5, SCV  
  93  9:05  Supply Depot  
  93  9:07  Terran Infantry Weapons Level 1  
  93  9:09  Supply Depot  
  99  9:15  SCV  
  100  9:21  Marine x5  
  100  9:24  Thor  
  105  9:27  Supply Depot, SCV, Hellion  
  114  9:34  Supply Depot  
  114  9:39  Marine x5, SCV, Medivac  
  114  9:41  Stimpack  
  122  9:48  Hellion  
  122  9:51  Terran Vehicle Weapons Level 1  
  122  9:52  SCV  
  125  9:56  Marine x5  
  130  10:01  SCV  
  130  10:02  SCV  
  132  10:07  Orbital Command  
  132  10:09  Hellion  
  134  10:14  Marine x2  
  134  10:16  Mag-Field Accelerator  
  134  10:19  Cyclone  
  139  10:26  Medivac  
  141  10:28  Marine  
  141  10:29  Marine  
  141  10:31  Hellion  
  145  10:56  Viking  
  147  11:01  Terran Infantry Armor Level 1  
  147  11:02  SCV x3  
  150  11:09  Cyclone x2  
  156  11:26  Starport Tech Lab  
  156  11:34  Starport  
  156  11:36  Starport  
  156  11:51  Supply Depot  
  156  11:52  Supply Depot  
  156  11:55  Cyclone x2  
  162  12:10  Terran Vehicle Weapons Level 2  
  162  12:17  Supply Depot  
  162  12:28  Cyclone x2  
  127  12:55  Terran Infantry Weapons Level 2  
  102  13:04  Thor x2  
  86  13:06  Marine x4  
  86  13:07  Marine  
  74  13:17  Ghost Academy  
  74  13:24  Marine x5, Ghost Academy  
  79  13:34  Starport Tech Lab x2  
  79  13:40  Banshee  
  82  13:41  Marine  
  82  13:42  Cloaking Field, Marine x4  
  87  13:50  Enhanced Shockwaves  
  87  13:54  Refinery  
  87  13:59  Marine x2  
  87  14:00  Marine x3  
  92  14:07  Banshee  
  95  14:14  Hyperflight Rotors  
  95  14:15  Banshee  
  98  14:18  Marine  
  98  14:20  Marine  
  98  14:21  Marine x3  
  103  14:36  Marine  
  103  14:37  Terran Ship Weapons Level 1  
  104  14:38  Marine x2  
  104  14:39  Marine x2  
  104  14:45  Armory  
  108  14:50  Thor  
  108  14:51  Thor  
  120  14:53  Marine  
  120  14:55  Banshee  
  120  14:56  Banshee, Marine x3  
  120  14:57  Marine  
  120  14:59  Banshee  
  132  15:11  Terran Infantry Armor Level 2, Marine  
  132  15:14  Marine x4  
  129  15:15  SCV  
  133  15:27  SCV  
  134  15:29  Marine  
  134  15:32  Marine x4  
  139  15:37  Hellion x2  
  139  15:38  Banshee  
  139  15:39  Banshee  
  139  15:40  SCV  
  139  15:42  Banshee  
  153  15:52  SCV  
  154  15:58  Hellion x2  
  154  16:00  Marine  
  154  16:01  Marine x4  
  154  16:04  SCV  
  164  16:18  Marine x2  
  164  16:19  Marine x3  
  164  16:20  Hellion x2  
  173  16:36  Marine  
  174  16:41  Hellion x2  
  178  17:03  Hellion x2  
  158  17:40  Marine x2  
  158  17:41  Marine x2  
  160  17:46  Personal Cloaking  
  160  17:47  Nuke  
  160  17:51  Ghost  
  159  17:57  Thor  
  159  17:58  Marine x3  
  167  17:59  Marine  
  167  18:04  Thor  
  177  18:05  Medivac  
  179  18:16  Marine x4  
  179  18:19  Ghost, Medivac  
  187  18:34  Marine x4  
  187  18:35  Medivac  
  189  18:48  Ghost  
  151  19:16  Marine  
  145  19:17  Marine x4  
  137  19:34  Marine  
  137  19:35  Marine x4  
Show
View Real Time Build Order
Export as new Build Order

Murder Terran - Winner!

Build Orders:  

Get SALT Encoding   

  12  0:00  SCV  
  13  0:18  SCV  
  14  0:25  Supply Depot  
  14  0:30  SCV  
  15  0:48  Barracks  
  15  0:51  Refinery  
  15  0:52  SCV  
  15  0:54  Refinery  
  16  1:05  SCV  
  17  1:12  Supply Depot  
  17  1:17  SCV  
  18  1:29  SCV  
  19  1:36  Barracks Tech Lab  
  19  1:41  Orbital Command  
  19  1:50  Factory  
  19  1:58  Marine  
  20  2:03  Stimpack  
  21  2:08  SCV  
  21  2:15  Marine  
  21  2:21  SCV  
  23  2:30  Barracks  
  23  2:35  Starport  
  23  2:39  Marine  
  24  2:47  Factory Reactor  
  24  2:48  SCV  
  25  3:01  Marine  
  26  3:06  SCV  
  26  3:08  Supply Depot  
  27  3:17  Marine  
  27  3:19  Supply Depot  
  28  3:21  SCV  
  29  3:27  Marine  
  29  3:32  Medivac  
  29  3:34  Medivac  
  34  3:35  Marine  
  35  3:44  Combat Shield  
  35  3:45  Marine  
  36  3:49  Factory Tech Lab  
  36  3:54  Barracks Reactor  
  36  4:09  Command Center  
  36  4:13  Siege Tank  
  39  4:27  Engineering Bay  
  39  4:29  Marine x2  
  39  4:47  Marine  
  31  5:07  Marine x2  
  31  5:10  Siege Tank  
  31  5:11  Medivac x2  
  31  5:13  Marine  
  40  5:25  Marine x2, Orbital Command  
  42  5:31  Marine  
  43  5:47  Marine x2, Siege Tank  
  48  5:51  Orbital Command  
  48  5:59  Marine  
  49  6:05  Marine x2  
  49  6:06  Command Center  
  51  6:15  Missile Turret  
  51  6:17  Marine  
  52  6:58  Viking x2  
  56  7:02  Armory, Siege Tank  
  37  8:16  Viking x2  
  37  8:17  Orbital Command  
  41  8:20  Marine x2  
  41  8:21  Marine  
  44  8:28  SCV x2  
  46  8:36  Refinery  
  46  8:37  Missile Turret  
  46  8:38  Marine  
  46  8:39  Refinery  
  46  8:40  Missile Turret, SCV  
  48  8:42  Siege Tank  
  48  8:44  SCV x2  
  53  8:52  SCV  
  53  8:53  Viking x2  
  53  8:55  Smart Servos  
  58  8:57  SCV x2  
  60  9:04  SCV  
  60  9:07  Marine  
  60  9:08  Marine x2  
  60  9:09  Missile Turret  
  64  9:12  SCV x2  
  64  9:14  Terran Ship Weapons Level 1  
  64  9:16  SCV  
  67  9:20  Siege Tank  
  70  9:25  Bunker, Marine  
  70  9:28  Bunker  
  71  9:33  SCV x3  
  71  9:34  Marine x2  
  76  9:43  Marine  
  77  9:52  Supply Depot x2  
  77  10:14  Viking, SCV x2, Siege Tank  
  77  10:15  Supply Depot x2, Viking  
  77  10:17  Marine x2  
  77  10:18  Marine  
  89  10:27  Orbital Command  
  89  10:41  Refinery  
  89  10:44  Refinery  
  89  10:45  Starport  
  89  10:47  Terran Infantry Weapons Level 1  
  89  10:50  Supply Depot  
  89  10:51  Supply Depot  
  89  11:08  Medivac x2  
  89  11:09  Marine x3  
  96  11:19  SCV x2  
  96  11:20  SCV  
  96  11:22  Starport Reactor  
  99  11:27  Marine  
  99  11:30  Supply Depot, Terran Ship Weapons Level 2  
  99  11:31  Supply Depot  
  100  11:34  SCV x3  
  103  11:44  Starport  
  103  11:46  Viking x2  
  107  12:03  Armory  
  107  12:09  Viking x2  
  111  12:20  Viking x2  
  113  12:39  Viking x2  
  83  13:43  Marine x3  
  83  13:46  Siege Tank  
  83  13:48  Starport Tech Lab  
  89  13:52  Medivac x4  
  97  14:01  Marine x3  
  100  14:10  Missile Turret  
  100  14:11  SCV x2  
  100  14:12  SCV  
  100  14:13  Barracks  
  100  14:14  Barracks  
  103  14:18  Barracks, Siege Tank  
  103  14:19  Marine  
  103  14:23  SCV  
  108  14:25  Viking  
  108  14:26  Viking x3  
  108  14:27  Factory  
  118  14:40  Raven  
  106  15:10  Marine, Siege Tank  
  106  15:11  Marine x2  
  106  15:13  Barracks Tech Lab, Barracks Reactor  
  108  15:15  Barracks Reactor  
  110  15:23  Raven  
  110  15:28  Marine  
  110  15:29  Marine  
  112  15:40  Factory Tech Lab  
  112  15:42  Viking x4  
  120  15:47  Concussive Shells  
  120  15:48  Marauder  
  120  15:49  Marauder  
  124  15:51  Marine x6  
  118  16:08  Marine  
  118  16:09  Marine x5  
  118  16:10  Marauder x2  
  87  16:26  Marine  
  87  16:27  Marine x2  
  87  16:31  Marauder x2  
  79  16:33  Marine x2  
  79  16:39  Marine  
  74  16:44  Marine  
  69  16:50  Marine x3  
  69  16:51  Marine  
  69  16:52  Siege Tank x2  
  69  16:53  Marauder x2  
  83  16:56  Marine, Medivac x4  
  94  17:02  Marine  
  94  17:07  Raven  
  94  17:08  Marine x4  
  97  17:14  Marine, Marauder x2  
  104  17:20  Marine  
  105  17:30  Marine x4  
  105  17:32  Marine  
  105  17:34  Siege Tank  
  105  17:35  Marauder x2  
  117  17:38  Marine  
  118  17:48  Marine x4, Command Center  
  122  17:56  Command Center  
  122  17:57  Marauder x2  
  126  18:00  Missile Turret  
  126  18:03  Marine x2  
  128  18:05  Marine  
  128  18:06  Marine x3  
  132  18:18  Marauder x2  
  136  18:21  Marine x2  
  136  18:22  Missile Turret  
  138  18:39  Marauder  
  140  18:59  Marine x6, Marauder  
  140  19:01  Marauder  
  148  19:17  Marine x2  
  148  19:21  Marauder  
  148  19:22  Marauder  
Tags
 
Add a new tag
Caveats
  • Supply blocks, unpowered buildings, or Contaminate may cause inaccurate times.
  • Supply counts are checked every 10 seconds.